 Dungeon Crawl Stone Soup version 0.30-a0-800-g7c544603b3 (webtiles) character file.

Game seed: 11461541730740578826

15 testman the Charlatan (level 2, 0/20 HPs)
             Began as a Gnoll Wanderer on Feb 22, 2023.
             Slain by an endoplasm (1 damage)
             ... on level 1 of the Dungeon.
             The game lasted 00:02:32 (451 turns).

testman the Charlatan (Gnoll Wanderer)               Turns: 451, Time: 00:02:33

Health: 0/20       AC:  3    Str: 10    XL:     2   Next: 50%
Magic:  1/5        EV: 11    Int: 11    God:
Gold:   47         SH:  0    Dex: 12    Spells: 5/6 levels left

rFire   . . .      SeeInvis +    a - +0 dagger
rCold   . . .      Faith    .    (no shield)
rNeg    . . .      Spirit   .    c - +0 robe
rPois   .          Reflect  .    (no helmet)
rElec   .          Harm     .    (no cloak)
rCorr   .          Rampage  .    (no gloves)
Will    .....                    g - +0 pair of boots
Stlth   +                        (no amulet)
HPRegen 0.23/turn                f - ring of see invisible
MPRegen 0.09/turn                (no ring)

@: no status effects
A: fangs 1, strong nose, distributed training
a: no special abilities


You were on level 1 of the Dungeon.
You visited 1 branch of the dungeon, and saw 1 of its levels.

You collected 47 gold pieces.

Inventory:

Hand Weapons
 a - a +0 dagger (weapon)
Missiles
 h - 6 javelins
Armour
 c - a +0 robe (worn)
 g - a +0 pair of boots (worn)
Jewellery
 f - a ring of see invisible (left hand)
Wands
 d - a wand of polymorph (3)
Scrolls
 b - a scroll of summoning
Potions
 e - a potion of heal wounds {unknown}


   Skills:
 + Level 0.5 Fighting
 + Level 0.5 Short Blades
 + Level 0.5 Long Blades
 + Level 0.5 Axes
 + Level 0.5 Maces & Flails
 + Level 0.5 Polearms
 + Level 0.5 Staves
 + Level 0.5 Ranged Weapons
 + Level 0.5 Throwing
 + Level 0.5 Armour
 + Level 0.5 Dodging
 + Level 0.5 Stealth
 + Level 0.5 Shields
 + Level 0.5 Unarmed Combat
 + Level 2.7 Spellcasting
 + Level 0.3 Conjurations
 + Level 0.3 Hexes
 + Level 0.3 Summonings
 + Level 5.3 Necromancy
 + Level 0.3 Translocations
 + Level 0.3 Transmutations
 + Level 5.3 Fire Magic
 + Level 0.3 Ice Magic
 + Level 0.3 Air Magic
 + Level 0.3 Earth Magic
 + Level 0.3 Poison Magic
 + Level 0.6 Invocations
 + Level 6.5 Evocations


You had 5 spell levels left.
You knew the following spells:

 Your Spells              Type           Power      Damage    Failure   Level
a - Necrotise             Necr           52%        1d6       3%          1

Your spell library contained the following spells:

 Spells                   Type           Power      Damage    Failure   Level
 Sublimation of Blood     Necr           13%        N/A       4%          2
 Foxfire                  Conj/Fire      28%        2x1d5     9%          1
 Dispel Undead            Necr           13%        3d9       28%         4
 Ignite Poison            Fire/Tmut/Pois 5%         N/A       34%         3


Dungeon Overview and Level Annotations

Branches:
Dungeon (1/15)

Altars:


Innate Abilities, Weirdness & Mutations

You have very sharp teeth.
Your uncanny sense of smell can sniff out nearby items.
Your experience applies equally to all skills.


Message History

The dead are walking!
A gnoll comes into view. It is wielding a +0 flail.
No target in view!
Aiming: Necrotise (safe; 3% risk of failure)
Press: ? - help, Q - select action, (/) - cycle Shift-Dir - straight line, f - gnoll
Aim: a gnoll, wielding a +0 flail (ally target, chance to affect: 76%)
You miscast Necrotise.
You are very lightly contaminated with residual magic.
Nothing appears to happen.
An endoplasm comes into view.
Your hobgoblin skeleton hits the gnoll but does no damage.
Aiming: Necrotise (safe; 3% risk of failure)
Press: ? - help, Q - select action, (/) - cycle Shift-Dir - straight line, f/p - gnoll
Aim: a gnoll, wielding a +0 flail (ally target, chance to affect: 76%)
The gnoll writhes in agony.
The endoplasm quivers.
Your hobgoblin skeleton closely misses the gnoll.
Aiming: Necrotise (safe; 3% risk of failure)
Press: ? - help, Q - select action, (/) - cycle Shift-Dir - straight line, f/p - gnoll
Aim: a gnoll, wielding a +0 flail (lightly wounded, ally target, chance to affect: 76%)
The gnoll writhes in agony.
The gnoll misses you.
Your hobgoblin skeleton hits the gnoll but does no damage.
You hit the gnoll but do no damage.
The gnoll is moderately wounded.
The gnoll hits you with a +0 flail!
Ouch! That really hurt!
You hit the gnoll.
The gnoll is heavily wounded.
Your hobgoblin skeleton hits the gnoll but does no damage.
The gnoll hits you with a +0 flail!
* * * LOW HITPOINT WARNING * * *
The endoplasm freezes you.
You are frozen.
* * * LOW HITPOINT WARNING * * *
The endoplasm attacks as you move away! The endoplasm completely misses you.
Your magical contamination has completely faded away.
The gnoll attacks as you move away! The gnoll misses you.
The endoplasm attacks as you move away! The endoplasm hits you.
You die...

#.....# #....)....#
#.....########## #.........#
#.....'........# #...........
#.....########.####.........##
#.....# #.#......#######
####### #.#.##...# ##.#>##...
###....# #....#@######
#.#.#gJ.....# #.#.#Z......# #
#.#.......# #.#.......#
#.#......?# #.##.....##
..∆.....## ..####


You could see a gnoll (ally target), an endoplasm and a friendly hobgoblin
skeleton.

Vanquished Creatures
  An endoplasm (D:1)
  2 giant cockroaches (D:1)
  2 goblins (D:1)
  2 hobgoblins (D:1)
  A quokka (D:1)
  2 bats (D:1)
  A kobold (D:1)
  A rat (D:1)
12 creatures vanquished.

Vanquished Creatures (collateral kills)
  A giant cockroach (D:1)
1 creature vanquished.

Grand Total: 13 creatures vanquished

Notes
Turn   | Place    | Note
-------+----------+-------------------------------------------
     0 | D:1      | testman the Gnoll Wanderer began the quest for the Orb.
     0 | D:1      | testman set off with the following items: a +0 dagger, a
                  | scroll of summoning, a +0 robe, a wand of polymorph (3);
                  | and the following spells available to memorise: Necrotise,
                  | Sublimation of Blood, Foxfire, Dispel Undead, Ignite
                  | Poison.
     0 | D:1      | Reached XP level 1. HP: 13/13 MP: 4/4
     2 | D:1      | Learned a level 1 spell: Necrotise
   223 | D:1      | Reached XP level 2. HP: 19/19 MP: 3/5
   447 | D:1      | HP: 1/20 [frozen (2)]
   451 | D:1      | Slain by an endoplasm

Illustrated notes

Levels and vault maps discovered:
D:1:      giann_wishing_wells, layout_basic, minmay_misc_feat_plants,
          chequers_decorated_corner, chequers_hall_statues_wall_a

Action                     || total
---------------------------++-------
  Melee: Dagger            ||    37
         Punch             ||     1
   Cast: Necrotise         ||    21
 Armour: Robe              ||    13
  Dodge: Dodged            ||    33

Table legend: (Time is in decaauts)
 A = Elapsed time spent in this place.
 B = Non-inter-level travel time spent in this place.
 C = Inter-level travel time spent in this place.
 D = Time resting spent in this place.
 E = Time spent auto-exploring this place.
 F = Levels seen in this place.
 G = Mean time per level.
                   A        B        C        D        E       F      G
               +--------+--------+--------+--------+--------+-----+--------+
         Total |    450 |    450 |      0 |      0 |    335 |   1 |  450.0 |
       Dungeon |    450 |    450 |      0 |      0 |    335 |   1 |  450.0 |
               +--------+--------+--------+--------+--------+-----+--------+

Top non-repeatable levels by time:
     D:1: 450 daAuts
